[Event "Team 45 45 League T37"]
[Site "Internet Chess Club"]
[Date "2008.05.12"]
[Round "3"]
[White "chicopee-ed"]
[Black "Tomate"]
[Result "1/2-1/2"]
[WhiteElo "1481"]
[BlackElo "1468"]
[Opening "King's Indian: East Indian defense"]
[ECO "A48"]
[Time "19:30:12"]
[TimeControl "2700+45"]

1. d4 Nf6 2. Nf3 g6 3. Nc3 Bg7 4. Bf4 d6 5. e3 O-O 6. Be2 a6 7. Qd2 b5 8. a3 Bb7
9. Bd3 Nc6 10. e4 Nh5 11. Bh6 e5 12. Bxg7 Kxg7 13. Nd5 exd4 14. g4 Nf6 15. g5
Nxd5 16. Be2 Nb6 17. h4 Nc4 18. Bxc4 bxc4 19. Nxd4 Ne5 20. f3 c5 21. O-O-O cxd4
22. Qxd4 f6 23. Qe3 Qc7 24. h5 fxg5 25. hxg6 Nxg6 26. Qxg5 Qf7 27. Rxd6 Qf4+ 28.
Qxf4 Rxf4 29. Rd7+ Rf7 30. Rxf7+ Kxf7 31. Rxh7+ Ke6 32. Rxb7 Nf4 33. c3 Kd6 34.
Kc2 Kc6 35. Rf7 Ne6 36. f4 Rb8 37. f5 Nc5 38. Rf6+ Kd7 39. e5 Ke7 40. Rc6 Nd3
41. Rc7+ Kd8 42. Rxc4 Nxe5 43. Rc5 Nd7 44. Rc6 Rb6 45. Rxb6 Nxb6 46. f6 Ke8 47.
b4 Kf7 48. Kb3 Kxf6 49. c4 Ke6 50. c5 Nd5 51. a4 Kd7 {Game drawn by mutual
agreement} 1/2-1/2

[Event "Team 45 45 League T37"]
[Site "Internet Chess Club"]
[Date "2008.05.11"]
[Round "3"]
[White "betto2506"]
[Black "smsxman"]
[Result "0-1"]
[WhiteElo "1303"]
[BlackElo "1514"]
[Opening "King's pawn game"]
[ECO "C50"]
[Time "14:05:24"]
[TimeControl "2700+45"]

1. e4 e5 2. Nf3 Nc6 3. Bc4 h6 4. c3 Nf6 5. d3 Bc5 6. h3 d6 7. Qe2 Bd7 8. Bb3 O-O
9. Be3 Bb6 10. Nbd2 Na5 11. Bxb6 axb6 12. O-O Nxb3 13. axb3 Rxa1 14. Rxa1 Bc6
15. b4 b5 16. Nb3 b6 17. Ra3 Nh5 18. Nh2 Nf4 19. Qf3 f5 20. Nd2 fxe4 21. dxe4 d5
22. Nhf1 Qg5 23. Ng3 Nxh3+ 24. gxh3 Rxf3 25. Nxf3 Qc1+ 26. Kg2 dxe4 27. Nxe5
Qxb2 28. Ra7 Bd5 29. Rxc7 e3+ 30. Nf3 Qxf2+ {White resigns} 0-1

[Event "Team 45 45 League T37"]
[Site "Internet Chess Club"]
[Date "2008.05.09"]
[Round "3"]
[White "twinders"]
[Black "Rookmaster"]
[Result "1/2-1/2"]
[WhiteElo "1679"]
[BlackElo "1702"]
[Opening "Queen's pawn, Mason variation"]
[ECO "D00"]
[Time "23:22:19"]
[TimeControl "2700+45"]

1. d4 d5 2. Bf4 Nf6 3. h3 e6 4. Nf3 Nbd7 5. Nbd2 Be7 6. e3 O-O 7. Bd3 b6 8. O-O
Bb7 9. Rc1 c5 10. c4 Rc8 11. cxd5 Nxd5 12. Bh2 Nb4 13. Bb1 cxd4 14. Rxc8 Qxc8
15. Nxd4 Nc5 16. a3 Nbd3 17. b4 Nb2 18. Bxh7+ Kxh7 19. Qh5+ Kg8 20. bxc5 Qxc5
21. Qxc5 Bxc5 22. Be5 Nd3 23. Bg3 Rc8 24. N2b3 Bxd4 25. Nxd4 a6 26. Rb1 Rc1+ 27.
Rxc1 Nxc1 28. Bc7 {Game drawn by mutual agreement} 1/2-1/2

[Event "Team 45 45 League T37"]
[Site "Internet Chess Club"]
[Date "2008.05.10"]
[Round "3"]
[White "peterdiplaros"]
[Black "GolfSuper"]
[Result "0-1"]
[WhiteElo "1560"]
[BlackElo "1581"]
[Opening "Queen's pawn: stonewall attack"]
[ECO "D00"]
[Time "20:13:58"]
[TimeControl "2700+45"]

1. d4 d5 2. e3 Nf6 3. Bd3 g6 4. c4 c6 5. Nc3 Bg7 6. b3 O-O 7. Nge2 dxc4 8. Bxc4
b5 9. Bd3 Bb7 10. Nf4 Nbd7 11. Ba3 a5 12. Ne4 b4 13. Bb2 Nb6 14. Qc2 Nbd5 15.
Nc5 Nxf4 16. Nxb7 Nxd3+ 17. Qxd3 Qd5 18. f3 Nd7 19. e4 Qg5 20. O-O Rfb8 21. f4
Qg4 22. h3 Qh4 23. Rac1 Rxb7 24. Rxc6 e6 25. f5 exf5 26. exf5 Rd8 27. Qc2 Bxd4+
28. Bxd4 Qxd4+ 29. Kh1 Rbb8 30. Rd1 Qe3 31. f6 Nxf6 32. Rxd8+ Rxd8 33. Qb1 Qe5
34. Qf1 Nh5 35. Qf3 Ng3+ {White resigns} 0-1

[Event "Team 45 45 League T37 u"]
[Site "Internet Chess Club"]
[Date "2008.05.08"]
[Round "3"]
[White "PostMike"]
[Black "Endgamer"]
[Result "0-1"]
[WhiteElo "1585"]
[BlackElo "1667"]
[Opening "Caro-Kann: advance variation"]
[ECO "B12"]
[Time "14:02:23"]
[TimeControl "2700+45"]

1. e4 c6 2. d4 d5 3. e5 Bf5 4. c4 e6 5. Nf3 Nd7 6. Nc3 Bb4 7. a3 Ba5 8. b4 Bc7
9. Bg5 Ne7 10. c5 b6 11. Ba6 Rb8 12. a4 bxc5 13. bxc5 Ba5 14. Bd2 Rb2 15. O-O
Qb8 16. Ra2 Bxc3 17. Rxb2 Qxb2 18. Bxc3 Qxc3 19. Re1 O-O 20. Re3 Qc2 21. Qa1 Rb8
22. Ne1 Rb1 23. Qa3 Qc1 24. Kf1 Qxa3 25. Rxa3 Rb4 26. Nc2 {White resigns} 0-1

[Event "Team 45 45 League T37"]
[Site "Internet Chess Club"]
[Date "2008.05.12"]
[Round "3"]
[White "RingLord"]
[Black "strudel"]
[Result "1-0"]
[WhiteElo "1571"]
[BlackElo "1415"]
[Opening "Sicilian: Najdorf, 6...e6"]
[ECO "B95"]
[Time "17:59:45"]
[TimeControl "2700+45"]

1. e4 c5 2. Nf3 d6 3. d4 cxd4 4. Nxd4 Nf6 5. Nc3 a6 6. Bg5 e6 7. Be2 Be7 8. O-O
b5 9. a4 b4 10. Na2 Qb6 11. Bf3 e5 12. Nf5 Bxf5 13. exf5 e4 14. Bxf6 exf3 15.
Qxf3 gxf6 16. Qxa8 Kd7 17. Qd5 Rf8 18. a5 Qc6 19. Nxb4 Qxd5 20. Nxd5 Nc6 21. b4
{Black resigns} 1-0

[Event "Team 45 45 League T37"]
[Site "Internet Chess Club"]
[Date "2008.05.12"]
[Round "3"]
[White "frontier"]
[Black "Miles295"]
[Result "1-0"]
[WhiteElo "2153"]
[BlackElo "2116"]
[Opening "English: four knights, Nimzovich variation"]
[ECO "A28"]
[Time "20:01:29"]
[TimeControl "2700+45"]

1. c4 e5 2. Nc3 Nf6 3. Nf3 Nc6 4. e4 Bc5 5. Nxe5 Nxe5 6. d4 Bb4 7. dxe5 Nxe4 8.
Qf3 d5 9. exd6 O-O 10. Be2 Nxc3 11. bxc3 Bg4 12. Qd3 Re8 13. Be3 Bf5 14. Qd2
Bxd6 15. O-O Qe7 16. Rad1 Rad8 17. Qb2 Qe5 18. g3 Bh3 19. Rfe1 b6 20. Bf3 f5 21.
Qc1 Qa5 22. Bd4 f4 23. Bd5+ Kh8 24. Qd2 c5 25. Rxe8+ Rxe8 26. Bc6 cxd4 27. Bxe8
Qh5 {Black resigns} 1-0

[Event "Team 45 45 League T37"]
[Site "Internet Chess Club"]
[Date "2008.05.12"]
[Round "3"]
[White "Flying-Tiger"]
[Black "chsrules88"]
[Result "0-1"]
[WhiteElo "1992"]
[BlackElo "2053"]
[Opening "Scotch gambit"]
[ECO "C44"]
[Time "18:16:52"]
[TimeControl "2700+45"]

1. e4 e5 2. Nf3 Nc6 3. d4 exd4 4. Bc4 Bb4+ 5. c3 dxc3 6. bxc3 Bc5 7. Bxf7+ Kxf7
8. Qd5+ Ke8 9. Qxc5 d6 10. Qe3 Nf6 11. O-O Be6 12. Bb2 Qe7 13. Na3 Rf8 14. Nc2
Bg4 15. Nfd4 Ne5 16. f3 Bd7 17. Qe2 a6 18. Rfe1 Kf7 19. Ne3 Kg8 20. Ndf5 Qf7 21.
c4 Rae8 22. Rac1 Be6 23. c5 Bxf5 24. Nxf5 Qe6 25. cxd6 cxd6 26. Red1 Rd8 27. Ba3
Ne8 28. f4 Ng6 29. Qf3 Qxa2 30. g3 Rf6 31. Qd3 Qe6 32. Nd4 Qd7 33. Bb2 Rf7 34.
Qb3 Nf8 35. Nf3 Qe6 36. Qc3 Rc7 37. Qd4 Rxc1 38. Rxc1 Rc8 39. Rxc8 Qxc8 40. Ng5
Qc6 41. Qd3 h6 42. Qb3+ d5 43. Nf3 Qc4 44. Qxb7 Qxe4 45. Ne5 Nd6 46. Qb3 Nb5 47.
Nd3 Ne6 48. Nb4 Qc4 49. Qxc4 dxc4 50. Nxa6 c3 51. Bc1 Ned4 52. Kf2 Nb3 53. Be3
c2 54. Ke2 c1=Q 55. Bxc1 Nxc1+ 56. Ke3 Nb3 57. Nb4 Kf7 58. Nd3 Ke6 59. Nb4 h5
60. h3 Kf5 61. Nc6 Nd6 62. Ne7+ Ke6 63. Nc6 Nf5+ 64. Kf3 Kd5 65. Nb4+ Kc4 66.
Nc6 Nbd4+ 67. Nxd4 Kxd4 68. g4 hxg4+ 69. hxg4 Nd6 70. g5 g6 71. Kg3 Ke4 72. Kg4
Nf5 73. Kh3 Kxf4 74. Kg2 Kxg5 75. Kh3 Kf4 76. Kg2 g5 77. Kh3 g4+ 78. Kg2 Ne3+
79. Kf2 g3+ 80. Kg1 Kf3 {White resigns} 0-1

[Event "Team 45 45 League T37"]
[Site "Internet Chess Club"]
[Date "2008.05.12"]
[Round "3"]
[White "Atwode"]
[Black "LennyH"]
[Result "1-0"]
[WhiteElo "1895"]
[BlackElo "1871"]
[Opening "Catalan: closed"]
[ECO "E01"]
[Time "21:00:51"]
[TimeControl "2700+45"]

1. c4 Nf6 2. g3 e6 3. Bg2 d5 4. d4 c5 5. cxd5 exd5 6. Nf3 Be6 7. O-O Nc6 8. Nc3
Be7 9. Be3 c4 10. Ne5 O-O 11. Nxc4 dxc4 12. d5 Qc8 13. dxc6 bxc6 14. Qa4 Nd5 15.
Bd4 Nxc3 16. Bxc3 Bd5 17. e4 Be6 18. Rfd1 Rd8 19. Bf1 Bc5 20. Bxc4 Bg4 21. Rxd8+
Qxd8 22. Qxc6 Bxf2+ 23. Kxf2 Rc8 24. Qd5 Qb6+ 25. Bd4 Qg6 26. b3 Qh6 27. Qxf7+
Kh8 28. Qxg7+ {Black resigns} 1-0

[Event "Team 45 45 League T37"]
[Site "Internet Chess Club"]
[Date "2008.05.13"]
[Round "3"]
[White "cgrau"]
[Black "PaulKaspar"]
[Result "1-0"]
[WhiteElo "1724"]
[BlackElo "1820"]
[Opening "Queen's pawn, Mason variation"]
[ECO "D00"]
[Time "10:01:16"]
[TimeControl "2700+45"]

1. d4 d5 2. Bf4 e6 3. e3 Bd6 4. Bg3 Nf6 5. Nd2 c5 6. c3 O-O 7. Bd3 b6 8. Ngf3
Ba6 9. Qe2 Bxd3 10. Qxd3 Nc6 11. e4 dxe4 12. Nxe4 Bb8 13. Bh4 cxd4 14. Nxf6+
gxf6 15. Qe4 dxc3 16. Qxc6 cxb2 17. Rb1 Qd3 18. Rxb2 Bd6 19. Qb5 Qc3+ 20. Ke2
Ba3 21. Rd2 Rfd8 22. Rhd1 Rxd2+ 23. Rxd2 Kg7 24. Rd7 Rc8 25. Rxa7 Bb2 26. Qd3
Qc1 27. Nd2 Qc5 28. Bg3 Qh5+ 29. f3 Rc3 30. Qd7 Rc2 31. Ra4 Bc3 32. Rg4+ Qxg4
33. fxg4 Rxd2+ 34. Qxd2 Bxd2 35. Kxd2 {Black resigns} 1-0

[Event "Team 45 45 League T37"]
[Site "Internet Chess Club"]
[Date "2008.05.10"]
[Round "3"]
[White "bbentrup"]
[Black "Checkmates"]
[Result "0-1"]
[WhiteElo "2205"]
[BlackElo "2460"]
[Opening "Sicilian: closed"]
[ECO "B23"]
[Time "20:04:12"]
[TimeControl "2700+45"]

1. e4 c5 2. Nc3 e6 3. g3 Nc6 4. Bg2 g6 5. d3 Bg7 6. Be3 d6 7. Qd2 Qa5 8. Nge2
Nd4 9. O-O Ne7 10. Nc1 Nec6 11. Bf4 Qb6 12. Nd1 Ne5 13. Bxe5 Bxe5 14. c3 Nc6 15.
Ne3 Bg7 16. Ne2 O-O 17. f4 f5 18. Rad1 Bd7 19. Rfe1 Rac8 20. exf5 gxf5 21. d4
cxd4 22. cxd4 d5 23. h4 Be8 24. Bf3 Bf6 25. Kh2 h5 26. Qd3 Qxb2 27. Nxd5 exd5
28. Bxd5+ Kh8 29. Rb1 Nb4 30. Qxf5 Qd2 31. Qxc8 Nxd5 32. Qc5 Ne7 33. Qxa7 Qe3
34. Rg1 Bc6 35. Rbf1 Qxe2+ 36. Kh3 Bd7+ 37. g4 hxg4+ 38. Rxg4 Bxg4+ {White
resigns} 0-1

[Event "Team 45 45 League T37"]
[Site "Internet Chess Club"]
[Date "2008.05.11"]
[Round "3"]
[White "SuperPeon"]
[Black "Burning-Bush"]
[Result "1/2-1/2"]
[WhiteElo "2049"]
[BlackElo "2126"]
[Opening "Sicilian: O'Kelly variation"]
[ECO "B28"]
[Time "22:06:21"]
[TimeControl "2700+45"]

1. e4 c5 2. Nf3 a6 3. c4 Nc6 4. Nc3 g6 5. d4 cxd4 6. Nxd4 Bg7 7. Be3 Nf6 8. Be2
O-O 9. O-O d6 10. Rc1 Bd7 11. f3 h5 12. Qd2 Kh7 13. b3 Ne5 14. h3 Bc6 15. Nd5
Ned7 16. Bd3 Rc8 17. Bb1 e6 18. Nxf6+ Bxf6 19. Ne2 Qc7 20. Rfd1 Be7 21. f4 Nc5
22. Nc3 Rcd8 23. b4 Na4 24. Nd5 Qd7 25. Nxe7 Qxe7 26. f5 e5 27. f6 Qe6 28. Bh6
Rg8 29. Bg5 Nb6 30. Qe2 Ba4 31. Bc2 Bxc2 32. Rxc2 Rc8 33. c5 dxc5 34. bxc5 Na8
35. Rd6 Qe8 36. Bc1 Rh8 37. Qe3 Kg8 38. Rb2 Rb8 39. Qb3 Nc7 40. Qb6 Nb5 41. Rd5
Nc3 42. Rbd2 Kh7 43. Qb4 Nxd5 44. exd5 Qd8 45. Qh4 Rc8 46. Ba3 Qd7 47. Qe1 Rhe8
48. Qe3 Qa4 49. c6 bxc6 50. d6 Rb8 51. d7 Red8 52. Be7 c5 53. Bxd8 Rxd8 54. Qxc5
Qf4 55. Rd1 Qxf6 {Game drawn by mutual agreement} 1/2-1/2

[Event "Team 45 45 League T37"]
[Site "Internet Chess Club"]
[Date "2008.05.12"]
[Round "3"]
[White "ExpertLevel"]
[Black "jazzyjoe"]
[Result "1/2-1/2"]
[WhiteElo "1798"]
[BlackElo "1677"]
[Opening "Philidor: Nimzovich, Rellstab variation"]
[ECO "C41"]
[Time "19:13:56"]
[TimeControl "2700+45"]

1. e4 e5 2. Nf3 d6 3. d4 Nf6 4. dxe5 Nxe4 5. Qd5 Nc5 6. Bg5 Be7 7. exd6 Qxd6 8.
Nc3 Bxg5 9. Qxd6 cxd6 10. Nxg5 O-O 11. O-O-O h6 12. Nge4 Nxe4 13. Nxe4 d5 14.
Rxd5 Be6 15. Rb5 b6 16. f4 Rd8 17. Bd3 Na6 18. Nc3 Nc5 19. Rd1 Kf8 20. h3 g6 21.
g4 Ke7 22. Rb4 Nxd3+ 23. Rxd3 Rac8 24. Rxd8 Rxd8 25. Re4 f5 26. Re3 Kf6 27. Rg3
g5 28. fxg5+ hxg5 29. Rf3 f4 30. Ne4+ Kg6 31. Nc3 Kf6 32. b3 Ke5 33. a4 Rd4 34.
Nb5 Rd7 35. Nc3 a6 36. Rf2 a5 37. Kb2 Bf7 38. Re2+ Kf6 39. Ne4+ Kg6 40. Rf2 Rd4
41. Nd2 Be6 42. Kc3 Rd7 43. Nf3 Kf6 44. Nd4 Rd6 45. Re2 Bd5 46. Nb5 Rc6+ 47. Kd4
Bf3 48. Rf2 Bh1 49. Rh2 Bf3 50. Rf2 Bh1 51. Rh2 {Game drawn by mutual agreement}
1/2-1/2

[Event "Team 45 45 League T37"]
[Site "Internet Chess Club"]
[Date "2008.05.12"]
[Round "3"]
[White "Lazerpawn"]
[Black "BigMike"]
[Result "1-0"]
[WhiteElo "1691"]
[BlackElo "1731"]
[Opening "Sicilian: Smith-Morra gambit"]
[ECO "B21"]
[Time "21:00:29"]
[TimeControl "2700+45"]

1. e4 c5 2. d4 cxd4 3. c3 dxc3 4. Nxc3 g6 5. Nf3 Bg7 6. Bc4 Qc7 7. Qe2 d6 8. Nb5
Qd7 9. e5 d5 10. Bxd5 a6 11. Bxf7+ Kf8 12. Nbd4 Nh6 13. Bxh6 Bxh6 14. O-O Nc6
15. Rfd1 Nxd4 16. Rxd4 Qc7 17. e6 Bg7 18. Rc4 Qd8 19. Rd1 Qa5 20. b4 Qb6 21.
Rdc1 Bd7 22. exd7 Kxf7 23. Ng5+ Kf6 24. Rf4+ {Black resigns} 1-0

[Event "Team 45 45 League T37"]
[Site "Internet Chess Club"]
[Date "2008.05.11"]
[Round "3"]
[White "crag"]
[Black "Fogbound"]
[Result "1-0"]
[WhiteElo "1681"]
[BlackElo "1311"]
[Opening "KP: Nimzovich defense"]
[ECO "B00"]
[Time "13:46:55"]
[TimeControl "2700+45"]

1. e4 Nc6 2. d4 Nf6 3. Nc3 e6 4. Nf3 Bb4 5. Bd3 Bxc3+ 6. bxc3 b6 7. O-O Bb7 8.
Re1 h6 9. Qe2 Ne7 10. Bf4 g5 11. Bg3 Ng6 12. Ne5 Nf4 13. Bxf4 gxf4 14. Qf3 Rg8
15. Qxf4 Qe7 16. Qxh6 O-O-O 17. Qf4 Nh5 18. Qxf7 Qg5 19. Qf3 Rdf8 20. Qh3 Nf4
21. Qg3 Nh5 22. Qxg5 Rxg5 23. Nf3 Rg7 24. Re3 Nf4 25. g3 Nh3+ 26. Kf1 Rh8 27.
Rae1 Ng5 28. Nxg5 Rxg5 29. h4 Rgg8 30. Bc4 Rf8 31. Kg2 Rh5 32. Rf3 Rxf3 33. Kxf3
d5 34. exd5 Rf5+ 35. Kg2 Bxd5+ 36. Bxd5 exd5 37. Re5 Rf6 38. h5 Rc6 39. Re3 Rh6
40. g4 c6 41. Kg3 c5 42. Kh4 cxd4 43. cxd4 Rc6 44. Re2 Rc4 45. h6 Rxd4 46. h7
Rc4 47. h8=Q+ Kb7 48. Qg7+ Rc7 49. Qxc7+ Kxc7 50. Re6 Kd7 51. Rf6 Ke7 52. g5 b5
53. Kh5 a5 54. Rf5 Ke6 55. Kg4 a4 56. g6 b4 57. g7 b3 58. cxb3 axb3 59. axb3 d4
60. g8=Q+ Ke7 61. Qg6 Kd7 62. Rf7+ {Black resigns} 1-0

[Event "Team 45 45 League T37"]
[Site "Internet Chess Club"]
[Date "2008.05.10"]
[Round "3"]
[White "fuzzface"]
[Black "houseofcook"]
[Result "0-1"]
[WhiteElo "1311"]
[BlackElo "1423"]
[Opening "Queen's pawn game"]
[ECO "D00"]
[Time "10:03:26"]
[TimeControl "2700+45"]

1. d4 d5 2. g3 Nf6 3. Bg5 e6 4. Bg2 Be7 5. e3 O-O 6. Ne2 Nbd7 7. Nd2 h6 8. Bxf6
Nxf6 9. O-O c5 10. c3 Bd7 11. e4 Bc6 12. h3 dxe4 13. Qc2 Rc8 14. Nxe4 Nxe4 15.
Bxe4 Bxe4 16. Qxe4 Qd7 17. Rad1 Qd5 18. Qxd5 exd5 19. Nf4 Rfd8 20. Rfe1 Bf6 21.
Re2 cxd4 22. cxd4 Rc4 23. Red2 Bg5 24. b3 Rc6 25. Kg2 Bxf4 26. gxf4 Re8 27. Kf3
Re4 28. a4 Rf6 29. Rc1 Rexf4+ 30. Kg2 Rf3 31. Rc5 R3f5 32. b4 Rg6+ 33. Kf1 Rg3
34. Rc8+ Kh7 35. Rc7 Rxh3 36. Rxb7 Rb3 37. a5 a6 38. Rb6 Rf6 39. Rb7 Rb1+ 40.
Ke2 Re6+ 41. Kd3 Rf6 42. Ke2 h5 43. Ra2 h4 44. Rc2 h3 45. Rc3 h2 46. Rh3+ Rh6
47. Rxh6+ Kxh6 48. Rb6+ Kh7 {White resigns} 0-1

[Event "Team 45 45 League T37"]
[Site "Internet Chess Club"]
[Date "2008.05.09"]
[Round "3"]
[White "AtomicDog"]
[Black "klt713"]
[Result "1-0"]
[WhiteElo "1339"]
[BlackElo "1165"]
[Opening "Sicilian defense"]
[ECO "B41"]
[Time "13:45:56"]
[TimeControl "2700+45"]

1. e4 c5 2. Nf3 e6 3. d4 a6 4. c4 Nc6 5. d5 exd5 6. exd5 Na7 7. a4 g6 8. Bd3 Bg7
9. O-O Ne7 10. d6 Nf5 11. Re1+ Kf8 12. Bxf5 Nc6 13. Bg5 Qb6 14. Qe2 Ne5 15. Nxe5
Qxd6 16. Bd3 f6 17. Nxg6+ Kf7 18. Nxh8+ Bxh8 19. Qe8+ Kg7 20. Re7+ Qxe7 21.
Qxe7+ Kg8 22. Bxh7# {Black checkmated} 1-0

[Event "Team 45 45 League T37"]
[Site "Internet Chess Club"]
[Date "2008.05.11"]
[Round "3"]
[White "ffplayer"]
[Black "Kingangyal"]
[Result "0-1"]
[WhiteElo "1106"]
[BlackElo "1203"]
[Opening "King's Indian: Zinnowitz variation"]
[ECO "A40"]
[Time "10:01:31"]
[TimeControl "2700+45"]

1. d4 g6 2. Nf3 Bg7 3. c4 Nf6 4. Bg5 O-O 5. Nc3 d6 6. e4 c5 7. dxc5 dxc5 8. Qxd8
Rxd8 9. h3 Nc6 10. Be2 b6 11. e5 Ne8 12. Bf4 Nc7 13. O-O Ne6 14. Bg3 Ncd4 15.
Rac1 Nxe2+ 16. Nxe2 Bb7 17. Nc3 Bxf3 18. gxf3 Nd4 19. Kg2 Nf5 20. Rfe1 e6 21. b3
Rd2 22. Kf1 Nxg3+ 23. fxg3 Rad8 24. Re2 Rxe2 25. Kxe2 Bxe5 26. f4 Bxc3 27. Rxc3
f6 28. Rd3 Rxd3 29. Kxd3 Kf7 30. Ke4 Ke7 31. g4 f5+ 32. gxf5 exf5+ 33. Ke5 Kf7
34. Kd6 Kf6 35. a3 h6 36. h4 g5 37. fxg5+ hxg5 38. h5 g4 39. h6 g3 40. h7 Kg7
{White resigns} 0-1

[Event "Team 45 45 League T37"]
[Site "Internet Chess Club"]
[Date "2008.05.11"]
[Round "3"]
[White "NXS"]
[Black "SoaringEagle"]
[Result "1/2-1/2"]
[WhiteElo "1407"]
[BlackElo "1521"]
[Opening "Queen's pawn: Torre attack"]
[ECO "A46"]
[Time "16:01:14"]
[TimeControl "2700+45"]

1. d4 Nf6 2. Nf3 e6 3. Bg5 h6 4. Bh4 c5 5. c3 b6 6. Nbd2 Bb7 7. e3 Be7 8. Bd3
cxd4 9. cxd4 Nc6 10. a3 d6 11. O-O a6 12. b4 b5 13. Rc1 O-O 14. Ne4 Nh5 15. Bxe7
Qxe7 16. Nfd2 Nf6 17. Nxf6+ Qxf6 18. Ne4 Qe7 19. Qg4 f5 20. Qg6 fxe4 21. Bxe4
Qf6 22. Qxf6 Rxf6 23. Bxc6 Bxc6 24. Rxc6 d5 25. Rfc1 {Game drawn by mutual
agreement} 1/2-1/2

[Event "Team 45 45 League T37"]
[Site "Internet Chess Club"]
[Date "2008.05.11"]
[Round "3"]
[White "kinchknifeblade"]
[Black "ollo"]
[Result "0-1"]
[WhiteElo "1346"]
[BlackElo "1549"]
[Opening "King's Indian: orthodox, Aronin-Taimanov variation (Yugoslav attack / Mar del Plata variation)"]
[ECO "E97"]
[Time "18:04:02"]
[TimeControl "2700+45"]

1. d4 Nf6 2. Nf3 g6 3. c4 Bg7 4. Nc3 d6 5. e4 O-O 6. Be2 e5 7. O-O Nc6 8. d5 Ne7
9. h3 Ne8 10. Be3 f5 11. Bg5 Nf6 12. Bd3 fxe4 13. Nxe4 Nxe4 14. Bxe4 Qe8 15. Qb3
Nf5 16. Rfe1 Nd4 17. Nxd4 exd4 18. Bf5 Qf7 19. Be6 Bxe6 20. dxe6 Qxf2+ 21. Kh1
Rab8 22. e7 Rfe8 23. c5+ Kh8 24. cxd6 cxd6 25. Rf1 Qe2 26. Rf8+ Bxf8 27. exf8=Q+
Rxf8 28. Qd5 Qxb2 29. Rd1 Rbe8 30. Bh6 Rf2 31. a3 Qb6 32. Rxd4 Qb2 33. Rd1 Rf6
34. Bc1 Qe2 35. Qd4 Re5 36. Bg5 Rfe6 37. Bh6 g5 38. Bxg5 Rg6 39. Rd2 Qe1+ 40.
Kh2 Rxg5 41. Qxd6 Qg3+ 42. Kh1 Re1# {White checkmated} 0-1

[Event "Team 45 45 League T37"]
[Site "Internet Chess Club"]
[Date "2008.05.09"]
[Round "3"]
[White "knight2f3"]
[Black "MrSlippery"]
[Result "1-0"]
[WhiteElo "1408"]
[BlackElo "1289"]
[Opening "Queen's pawn: English defense"]
[ECO "A40"]
[Time "18:36:00"]
[TimeControl "2700+45"]

1. d4 b6 2. Nf3 Bb7 3. e3 g6 4. b3 Bg7 5. Bb2 e6 6. c4 Ne7 7. Nc3 d6 8. Bd3 Nd7
9. O-O O-O 10. Re1 c6 11. Rb1 d5 12. e4 c5 13. e5 f6 14. cxd5 Nxd5 15. Nxd5 Bxd5
16. Be4 fxe5 17. Bxd5 exd5 18. dxe5 d4 19. e6 Ne5 20. Nxe5 Qh4 21. Nf3 Qf6 22.
Re4 Rae8 23. Qe2 Re7 24. Re1 Rfe8 25. Nd2 Qf5 26. Qf3 Qg5 27. Nc4 Rf8 28. Qg3
Qd5 29. Qd6 Qb7 30. Ne5 Rf6 31. Nd7 Rf5 32. Qxe7 Bf8 33. Nf6+ Kh8 34. Qxf8#
{Black checkmated} 1-0

[Event "Team 45 45 League T37"]
[Site "Internet Chess Club"]
[Date "2008.05.08"]
[Round "3"]
[White "b2solo"]
[Black "SeniorCitizen"]
[Result "0-1"]
[WhiteElo "1198"]
[BlackElo "1421"]
[Opening "Réti opening"]
[ECO "A04"]
[Time "18:00:35"]
[TimeControl "2700+45"]

1. Nf3 e6 2. g3 d5 3. Bg2 Nf6 4. d3 Nbd7 5. Nbd2 Bc5 6. c3 O-O 7. O-O c6 8. Re1
Qb6 9. d4 Bd6 10. e4 dxe4 11. Nxe4 Nxe4 12. Rxe4 Nf6 13. Re1 Qc7 14. Qc2 Re8 15.
Ne5 c5 16. Qd3 Nd7 17. Bf4 Nxe5 18. dxe5 Be7 19. Be4 g6 20. Bh6 Qxe5 21. Bxg6
Qd5 22. Bxh7+ Kh8 23. Qc2 Qh5 24. Rxe6 Bxe6 25. Rb1 Qxh6 26. Bd3 Rad8 27. Re1
Bd5 28. Re5 Bc6 29. g4 Qh3 30. Rh5+ Qxh5 31. gxh5 Bf8 32. Bc4 Re1+ 33. Bf1 Rdd1
34. Qxd1 Rxd1 35. f4 Rd2 36. Bc4 Rxb2 37. Bxf7 Rc2 38. Bg6 Rxa2 39. f5 Rc2 40.
f6 Bd5 41. h3 Rxc3 42. Kh2 Rf3 43. h4 Rxf6 44. Kg3 Kg7 45. Kg4 Rxg6+ 46. hxg6
Kxg6 47. h5+ Kf6 48. Kh4 a5 49. Kg4 a4 50. Kf4 a3 51. Kg4 a2 52. h6 Bxh6 53. Kh5
Bf8 54. Kg4 a1=Q 55. Kh5 Qg1 56. Kh4 Ba2 57. Kh3 Bd6 58. Kh4 Kf5 59. Kh3 Qg3#
{White checkmated} 0-1

[Event "Team 45 45 League T37"]
[Site "Internet Chess Club"]
[Date "2008.05.12"]
[Round "3"]
[White "scar99"]
[Black "werty"]
[Result "1/2-1/2"]
[WhiteElo "1314"]
[BlackElo "1483"]
[Opening "French: classical, Steinitz variation"]
[ECO "C14"]
[Time "14:02:20"]
[TimeControl "2700+45"]

1. e4 e6 2. d4 d5 3. Nc3 Nf6 4. Bg5 Be7 5. e5 Nfd7 6. Bxe7 Qxe7 7. f4 a6 8. Nf3
c5 9. dxc5 Nxc5 10. Qd2 Nc6 11. O-O-O Bd7 12. g3 b5 13. a3 Rc8 14. Kb1 b4 15.
axb4 Nxb4 16. Qd4 Nc6 17. Qd2 O-O 18. Nd4 Rc7 19. h4 Rb8 20. h5 Rcb7 21. Nb3
Nxb3 22. cxb3 Rxb3 23. Rh2 Rxb2+ 24. Qxb2 Rxb2+ 25. Rxb2 Nb4 26. Rc1 h6 27. Na2
Nxa2 28. Rb8+ Kh7 29. Bd3+ g6 30. hxg6+ fxg6 31. Kxa2 Bb5 32. Bxb5 axb5 33. Rxb5
Qa7+ 34. Kb1 h5 35. Rcc5 {Game drawn by mutual agreement} 1/2-1/2

[Event "Team 45 45 League T37"]
[Site "Internet Chess Club"]
[Date "2008.05.11"]
[Round "3"]
[White "Werzy"]
[Black "AndersO"]
[Result "1-0"]
[WhiteElo "1367"]
[BlackElo "1412"]
[Opening "Scandinavian (center counter) defense"]
[ECO "B01"]
[Time "17:19:00"]
[TimeControl "2700+45"]

1. e4 d5 2. exd5 Qxd5 3. Nc3 Qa5 4. Bc4 Nf6 5. d4 c6 6. Bd2 Qc7 7. Nf3 Bf5 8.
O-O e6 9. Ne5 Bd6 10. f4 O-O 11. Ne2 Bg4 12. h3 Bxe2 13. Qxe2 c5 14. Bc3 Nbd7
15. Rad1 cxd4 16. Bxd4 Rfd8 17. Kh1 Nb6 18. Bb3 Rac8 19. Rd2 Bc5 20. Bxc5 Qxc5
21. Rfd1 Qc7 22. Nxf7 Rxd2 23. Rxd2 Kf8 24. Bxe6 Re8 25. Nd6 Re7 26. Nf5 Re8 27.
Qe3 g6 28. Qa3+ Re7 29. Nxe7 Qxe7 30. Rd8+ Ne8 31. Qxe7+ Kxe7 32. Rb8 Kxe6 33.
Rxe8+ Kd6 34. b3 Nd5 35. Rd8+ Ke6 36. Rh8 Kd6 37. Rxh7 Kc6 38. Rh6 Nxf4 39. g3
Nd5 40. Rxg6+ Kc7 41. h4 Kc8 42. h5 Ne7 43. Rf6 {Black resigns} 1-0

[Event "Team 45 45 League T37"]
[Site "Internet Chess Club"]
[Date "2008.05.11"]
[Round "3"]
[White "DonOmar211"]
[Black "t-hobbes"]
[Result "1-0"]
[WhiteElo "1175"]
[BlackElo "1316"]
[Opening "Two knights defense"]
[ECO "C55"]
[Time "19:02:30"]
[TimeControl "2700+45"]

1. e4 e5 2. Nf3 Nc6 3. Bc4 Nf6 4. d4 Nxe4 5. dxe5 Bc5 6. Qd5 Bxf2+ 7. Ke2 O-O 8.
Qxe4 Bc5 9. Ng5 g6 10. Nxf7 Rxf7 11. Bxf7+ Kxf7 12. Qd5+ Kg7 13. Qxc5 d6 14.
exd6 Bg4+ 15. Kf2 Qh4+ 16. g3 Qf6+ 17. Bf4 cxd6 18. Qxd6 Qxb2 19. Nd2 Qb6+ 20.
Be3 Qb5 21. Qd3 Rf8+ 22. Kg2 Qa4 23. Rhf1 Rd8 24. Qc3+ Nd4 25. Qc7+ Rd7 26. Qe5+
Kg8 27. Qe8+ Kg7 28. Qf8# {Black checkmated} 1-0